 Dungeon Crawl Stone Soup version 0.24.0-13-gcf9b319 (webtiles) character file.

Game seed: 4545587965555289295, levelgen mode: deterministic

118 Bronimir the Firebug (level 5, 0/29 HPs)
             Began as a Gargoyle Fire Elementalist on Apr 21, 2020.
             Killed by divine providence
             ... invoked by an orc priest
              (10 damage)
             ... on level 3 of the Dungeon.
             The game lasted 00:06:00 (2933 turns).

Bronimir the Firebug (Gargoyle Fire Elementalist)   Turns: 2933, Time: 00:06:01

Health: 0/29       AC:  8    Str: 12    XL:     5   Next: 2%
Magic:  1/8        EV: 12    Int: 16    God:
Gold:   154        SH:  0    Dex: 10    Spells: 2/8 levels left

rFire    + + .     SeeInvis .   a - +0 morningstar
rCold    . . .     Gourm    .   (no shield)
rNeg     + . .     Faith    .   k - +0 robe
rPois    ∞         Spirit   .   i - +1 helmet
rElec    +         Reflect  .   (no cloak)
rCorr    .         Harm     .   (no gloves)
MR       .....                  (no boots)
Stlth    ++........             h - amulet of regeneration
HPRegen  0.49/turn              n - ring of protection from fire
MPRegen  0.11/turn              p - ring of protection from fire

@: no status effects
A: negative energy resistance 1, electricity resistance, unbreathing,
petrification resistance, rot immunity, AC +4
a: no special abilities


You were on level 3 of the Dungeon.
You were hungry.

You visited 1 branch of the dungeon, and saw 3 of its levels.

You collected 154 gold pieces.

Inventory:

Hand Weapons
 a - a +0 morningstar (weapon)
 b - a +0 hunting sling
 d - a +0 hand axe
 o - a +0 whip
 t - a +0 mace
 y - a +0 spear
Missiles
 e - 50 sling bullets
 f - 93 stones (quivered)
Armour
 i - a +1 helmet (worn)
 k - a +0 robe (worn)
 z - a +0 ring mail
Jewellery
 h - an amulet of regeneration (around neck)
 n - a ring of protection from fire (left hand)
 p - a ring of protection from fire (right hand)
 r - an uncursed amulet of harm {unknown}
 s - a +5 ring of protection {unknown}
 A - an uncursed ring of wizardry {unknown}
Wands
 v - a wand of iceblast (6)
Scrolls
 m - 2 scrolls of remove curse {unknown}
 q - a scroll of enchant weapon {unknown}
 u - 2 scrolls of identify {unknown}
 B - a scroll of teleportation {unknown}
Potions
 g - a potion of haste {unknown}
 j - 2 potions of mutation {unknown}
 l - a potion of degeneration {unknown}
 w - a potion of agility {unknown}
 x - 2 potions of heal wounds {unknown}
Comestibles
 c - 7 rations


   Skills:
 * Level 1.5 Fighting
 + Level 0.1(0.7) Axes
 * Level 1.0(1.1) Maces & Flails
 + Level 0.5(0.6) Polearms
 * Level 1.5 Armour
 + Level 1.9 Dodging
 - Level 2.1 Stealth
 * Level 2.4 Spellcasting
 * Level 2.0 Conjurations
 * Level 3.6 Fire Magic


You had 2 spell levels left.
You knew the following spells:

 Your Spells              Type           Power        Failure   Level  Hunger
a - Flame Tongue          Conj/Fire      ##...        6%          1    #......
b - Throw Flame           Conj/Fire      ##....       10%         2    ###....
c - Conjure Flame         Conj/Fire      ##......     19%         3    ###....

Your spell library contained the following spells:

 Spells                   Type           Power        Failure   Level  Hunger
 Inner Flame              Hex/Fire       #.......     28%         3    ###....
 Sticky Flame             Conj/Fire      ##......     52%         4    #####..
 Fireball                 Conj/Fire      ##........   86%         5    ######.


Dungeon Overview and Level Annotations

Branches:
Dungeon (3/15)

Altars:
Fedhas


Innate Abilities, Weirdness & Mutations

You are resistant to torment.
Your stone body is resilient. (AC +4)
You are immune to poison.
You resist negative energy. (rN+)
You are resistant to electric shocks. (rElec)
You can survive without breathing.
You are immune to petrification.
You are immune to rotting.


Message History

The flame tongue hits the orc!
You kill the orc!
An orc priest comes into view. It is wielding a +0 dagger.
Casting: Flame Tongue (safe; 6% risk of failure)
Confirm with . or Enter, or press ? or * to list all spells.
Aiming: Flame Tongue (safe; 6% risk of failure)
Press: ? - help, Shift-Dir - straight line, f/p - orc priest
Aim: an orc priest, wielding a +0 trident and wearing a cursed +0 ring mail The flame tongue hits the orc priest but does no damage.
The orc priest shouts!
Casting: Flame Tongue (safe; 6% risk of failure)
Confirm with . or Enter, or press ? or * to list all spells.
Aiming: Flame Tongue (safe; 6% risk of failure)
Press: ? - help, Shift-Dir - straight line, f/p - orc priest
Aim: an orc priest, wielding a +0 trident and wearing a cursed +0 ring mail The flame tongue hits the orc priest but does no damage.
The orc priest hits you from afar with a +0 trident.
The orc priest mumbles some strange prayers to Beogh against you.
Beogh smites you!
You die...

...............'..
.........
..####.......>.###
#######.#
#........## #.#
#.#.....## #.#
#.##...## #.. ..
##'## ##. ### #.# .
#.############.
##.##...@.oo..o.
####...#.##########
..........#
.###....#.#
#.#.##.# #.####.#
.. ..# ### ###


You could see 2 orc priests and an orc.

Vanquished Creatures
  3 adders
  2 worms
  2 dart slugs
  2 leopard geckos
  4 orcs (D:3)
  4 ball pythons
  9 bats
  5 giant cockroaches
  3 goblins
  7 hobgoblins
  8 jackals
  2 quokkas
  12 kobolds
  6 rats
69 creatures vanquished.

Notes
Turn   | Place    | Note
-------+----------+-------------------------------------------
     0 | D:1      | Bronimir the Gargoyle Fire Elementalist began the quest for
                  | the Orb.
     0 | D:1      | Reached XP level 1. HP: 10/10 MP: 3/3
   538 | D:1      | Reached XP level 2. HP: 12/15 MP: 0/5
   542 | D:1      | Learned a level 2 spell: Throw Flame
  1156 | D:2      | Reached XP level 3. HP: 20/20 MP: 6/6
  1277 | D:2      | Reached skill level 1 in Armour
  1326 | D:2      | Reached XP level 4. HP: 23/24 MP: 7/7
  1412 | D:2      | Reached skill level 1 in Fighting
  1691 | D:2      | Learned a level 3 spell: Conjure Flame
  1823 | D:2      | Found a blossoming altar of Fedhas.
  2904 | D:3      | Reached skill level 1 in Maces & Flails
  2929 | D:3      | Reached XP level 5. HP: 11/29 MP: 5/8
  2933 | D:3      | Killed from afar by an orc priest

Levels and vault maps discovered:
D:1:      nzn_arrival_depleted_hourglass, layout_rooms
D:2:      minmay_spotlight, layout_loops_ring, fedhas_altar_4, first_ration
D:3:      layout_loops_corners

Skill      XL: |  1  2  3  4 |
---------------+-------------+-----
Armour         | 1 |  1.5
Fighting       | 1 |  1.5
Maces & Flails | 1 |  1.0
Conjurations   | 2 |  2.0
Axes           | |  0.1
Polearms       | |  0.5
Dodging        | |  1.9
Stealth        | |  2.1
Spellcasting   | |  2.4
Fire Magic     | |  3.6

Action                   |  1- 3 |  4- 6 || total
-------------------------+-------+-------++-------
Melee: Hand axe          |    35 |       ||    35
       Unarmed           |     9 |       ||     9
       Whip              |    70 |     2 ||    72
       Spear             |       |    79 ||    79
       Morningstar       |       |    39 ||    39
 Cast: Flame Tongue      |    30 |    32 ||    62
 Stab: Sleeping          |     2 |     3 ||     5
  Eat: Chunk             |     2 |     5 ||     7
Armor: Robe              |    69 |    54 ||   123
Dodge: Dodged            |   110 |   119 ||   229
